 Dungeon Crawl Stone Soup version 0.30.1-9-gdf580d7c3d (webtiles) character file.

Game seed: 1090356631950287456

1281 H0rd4k the Insei (level 8, 0/52 HPs)
             Began as an Octopode Artificer on Oct 4, 2023.
             Was an Initiate of Gozag.
             Succumbed to a water moccasin's poison
             ... on level 5 of the Dungeon on Oct 5, 2023.
             The game lasted 00:08:30 (4204 turns).

H0rd4k the Insei (Octopode Artificer)               Turns: 4204, Time: 00:08:31

Health: 0/52       AC:  1    Str:  7 (10) XL:     8   Next: 54%
Magic:  8/8        EV: 14    Int: 19 (20) God:    Gozag
Gold:   437        SH:  0    Dex: 10 (11) Spells: 7/7 levels left

rFire   . .          .
                       - Unarmed
rCold   . . .        (no shield)
rNeg    . . .        (helmet restricted)
rPois   .            o - amulet of the acrobat
rElec   .            k - ring of wizardry
rCorr   .            (no ring)
SInv    .            (no ring)
Will    .....        (no ring)
Stlth   ++           (no ring)
HPRegen 0.28/turn    (no ring)
MPRegen 0.11/turn    (no ring)
                     (no ring)

%: acrobat, wizardry (x1)
@: mighty, lethally poisoned (0 -> -6), gold aura, on berserk cooldown, flying,
slowed, very slow
A: almost no armour, amphibious, 8 rings, camouflage 1, gelatinous body 1,
(nimble swimmer 1), tentacles, clever 1, teleportitis 1
a: Renounce Religion, Potion Petition, Call Merchant, Bribe Branch


You were on level 5 of the Dungeon.
You worshipped Gozag.
Gozag was aware of your devotion.
You visited 1 branch of the dungeon, and saw 7 of its levels.

You collected 446 gold pieces.
You paid 9 gold pieces to Gozag.

Inventory:

Missiles
 g - 5 poisoned darts
Jewellery
 k - a ring of wizardry (left tentacle)
 o - an amulet of the acrobat (around mantle)
Wands
 c - a wand of charming (19)
 d - a wand of iceblast (7)
Scrolls
 b - a scroll of magic mapping {unknown}
 f - 5 scrolls of teleportation {unknown}
 h - 3 scrolls of blinking {unknown}
 m - a scroll of enchant armour {unknown}
 p - a scroll of enchant weapon {unknown}
 q - 2 scrolls of identify {unknown}
Potions
 a - 2 potions of flight
 e - 2 potions of might
 j - 2 potions of degeneration
 n - a potion of curing {unknown}
 r - a potion of attraction {unknown}
 s - a potion of heal wounds {unknown}


   Skills:
 + Level 3.0 Fighting
 + Level 6.0 Dodging
 - Level 1.3 Stealth
 + Level 6.1 Unarmed Combat
 + Level 6.0 Evocations


You had 7 spell levels left.
You didn't know any spells.
Your spell library contained the following spells:

 Spells                   Type           Power      Damage    Failure   Level
 Cigotuvi's Dreadful Rot  Necr/Pois/Air  0%         N/A       12%         2
 Ignite Poison            Fire/Tmut/Pois 0%         N/A       24%         3
 Freezing Cloud           Conj/Ice/Air   0%         6-21      89%         5
 Borgnjor's Revivificati  Necr           0%         N/A       100%        8
 Necromutation            Tmut/Necr      0%         N/A       100%        8
 Death's Door             Necr           0%         N/A       100%        9


Dungeon Overview and Level Annotations

Branches:
Dungeon (7/15)             Temple (0/1) D:4

Altars:
Ashenzari
Cheibriados
Gozag
Zin

Annotations:
D:3 exclusion: downstairs
D:7 exclusion: upstairs, Maggie


Innate Abilities, Weirdness & Mutations

You cannot wear most types of armour.
You are amphibious.
You can wear up to eight rings at the same time.
Your skin changes colour to match your surroundings (Stealth+).
Your rubbery body absorbs attacks. (AC +1, EV +1)
((You are camouflaged when in or above water. (Stealth+)))
You have tentacles for arms and can constrict up to eight enemies at once.
Your mind is acute. (Int +4, Str/Dex -1)
You are occasionally teleported next to monsters.


Message History

Your Dodging skill increases to level 6!
Your Unarmed Combat skill increases to level 6!
Your Evocations skill increases to level 6!
There is a lethal amount of poison in your body!
Unknown command.
There is a lethal amount of poison in your body!
It was a potion of might.
You feel very mighty all of a sudden.
* * * LOW HITPOINT WARNING * * *
You feel very sick.
It was a potion of flight.
You feel very buoyant.
You fly up into the air.
* * * LOW HITPOINT WARNING * * *
You feel very sick.
It was a potion of degeneration.
There was something very wrong with that liquid.
You feel weakened.
You feel dopey.
You feel clumsy.
* * * LOW HITPOINT WARNING * * *
You feel very sick.
It was a potion of berserk rage.
A red film seems to cover your vision as you go berserk!
You feel yourself moving faster!
You feel mighty!
* * * LOW HITPOINT WARNING * * *
You feel very sick.
You are too berserk!
You feel a strong urge to attack something.
* * * LOW HITPOINT WARNING * * *
You feel sick.
* * * LOW HITPOINT WARNING * * *
You feel sick.
You feel your anger nearly subside.
You are no longer berserk.
You are exhausted.
You feel yourself slow down.
* * * LOW HITPOINT WARNING * * *
You feel sick.
It was a potion of mutation.
You feel extremely strange.
You feel clever.
You feel weirdly uncertain.
You die...
Your body crumbles into a pile of gold.

#.# #.########..#... #.#
#..).## #.# ##.#### #.#
#..... #.# ###### ##.##
##### ##...## ...#
##.....## #.#######
#......@########........
#....$.......>(.<..#####.
##.......#########.####..
##.....## #.......
##...## ######.. ##.##
##. ### ##


There were no monsters in sight!

Vanquished Creatures
  2 water moccasins (D:5)
  An ice beast (D:5)
  A centaur (D:7)
  A bullfrog (D:6)
  3 scorpions
  A howler monkey (D:4)
  3 hounds
  2 jellies
  A gnoll bouda (D:3)
  An orc priest (D:4)
  3 iguanas
  An orc wizard (D:5)
  8 adders
  7 gnolls
  A white imp (D:5)
  2 worms
  A dart slug (D:1)
  9 orcs
  8 bats
  4 endoplasms
  3 giant cockroaches
  7 goblins
  7 hobgoblins
  6 jackals
  6 kobolds
  3 quokkas
  5 ball pythons
  5 frilled lizards
  5 rats
107 creatures vanquished.

Vanquished Creatures (collateral kills)
  An ogre (D:5)
  An adder (D:5)
  5 orcs (D:5)
  A quokka (D:5)
8 creatures vanquished.

Vanquished Creatures (others)
  A scorpion (D:5)
  A hound (D:6)
  An orc priest (D:5)
  An iguana (D:5)
4 creatures vanquished.

Grand Total: 119 creatures vanquished

Notes
Turn   | Place    | Note
-------+----------+-------------------------------------------
     0 | D:1      | H0rd4k the Octopode Artificer began the quest for the Orb.
     0 | D:1      | Reached XP level 1. HP: 13/13 MP: 1/1
   125 | D:1      | Reached XP level 2. HP: 13/18 MP: 2/2
   224 | D:1      | Found a faded altar of an unknown god.
   532 | D:1      | Reached XP level 3. HP: 23/23 MP: 3/3
  1020 | D:2      | Reached skill level 1 in Unarmed Combat
  1021 | D:2      | Reached XP level 4. HP: 28/28 MP: 4/4
  1528 | D:3      | Reached XP level 5. HP: 13/33 MP: 5/5
  1870 | D:3      | Found an opulent altar of Gozag.
  1960 | D:3      | Became a worshipper of Gozag Ym Sagoz the Greedy
  2032 | D:3      | Found a broken altar of Ashenzari.
  2560 | D:4      | Reached XP level 6. HP: 25/38 MP: 6/6
  2656 | D:4      | Found a snail-covered altar of Cheibriados.
  2750 | D:4      | Found a staircase to the Ecumenical Temple.
  2789 | D:4      | You fall into a shaft and drop 3 floors!
  2833 | D:7      | Noticed Maggie
  2834 | D:6      | Noticed a manticore
  2860 | D:6      | Reached XP level 7. HP: 36/45 MP: 7/7
  2938 | D:6      | Reached skill level 5 in Dodging
  2972 | D:5      | Entered Level 5 of the Dungeon
  2998 | D:5      | Reached skill level 5 in Evocations
  3154 | D:4      | Found a glowing silver altar of Zin.
  3667 | D:5      | Reached skill level 5 in Unarmed Combat
  3667 | D:5      | Reached XP level 8. HP: 50/51 MP: 8/8
  4202 | D:5      | HP: 3/78 [poisoned by a water moccasin]
  4203 | D:5      | HP: 1/52 [poisoned by a water moccasin]
  4204 | D:5      | Gained mutation: Your mind is acute. (Int +4, Str/Dex -1)
                  | [potion of mutation]
  4204 | D:5      | Gained mutation: You are occasionally teleported next to
                  | monsters. [potion of mutation]
  4204 | D:5      | Succumbed to a water moccasin's poison

Illustrated notes

Levels and vault maps discovered:
D:1:      dpeg_arrival_shelter, layout_loops_ring,
          hellmonk_ecumenical_altar_blasted, feat_on_display
D:2:      minmay_angry_zag, layout_loops_ring
D:3:      layout_loops_ring, marbit_many_paths, nicolae_ashenzari_skybound,
          kennysheep_boxes
D:4:      layout_basic, mainiacjoe_overflow_boulevard, zin_statuary,
          minmay_temple_entry_purple_smoke
D:5:      layout_loops_ring, serial_park_tiny_pond, kennysheep_crisscross,
          st_stairs_7, chequers_serial_rivers_micro_e
D:6:      layout_cave_pools, nicolae_shop_i_like_big_books,
          minmay_misc_feat_plants, serial_bayou_pond_a, uniq_pikel,
          uniq_grinder, uniq_duvessa, uniq_menkaure
D:7:      minmay_spotlight, layout_loops_ring, dancing_weapons_uskayaw,
          kennysheep_little_box, mainiacjoe_overflow_tiny_flanked, serial_shops,
          shop, uniq_prince_ribbit1, uniq_maggie

Skill      XL: |  1  2  3  4  5  6  7  8 |
---------------+-------------------------+-----
Evocations     | 4 5 6 |  6.0
Dodging        | 3 4 5 6 |  6.0
Unarmed Combat | 1 2 4 5 6 |  6.1
Fighting       | 2 3 |  3.0
Stealth        | |  1.3

Action                     |  1- 3 |  4- 6 |  7- 9 || total
---------------------------+-------+-------+-------++-------
  Melee: Unarmed           |    84 |   122 |    76 ||   282
         Tentacles         |    21 |    37 |    24 ||    82
         Constrict         |    25 |    31 |    20 ||    76
         Punch             |     2 |     3 |     5 ||    10
  Evoke: Wand              |     1 |     8 |    21 ||    30
    Use: Potion            |       |       |     5 ||     5
   Stab: Sleeping          |    11 |     4 |     2 ||    17
 Armour: Skin              |    11 |     5 |     2 ||    18
  Dodge: Dodged            |    78 |    90 |    66 ||   234
